 Dungeon Crawl Stone Soup version 0.30-a0-1074-g5db6f66fbb (webtiles) character file.

Game seed: 2106408158402056943

10432 Ic0nGaming the Carver (level 11, -1/64 HPs)
             Began as a Kobold Fighter on Apr 14, 2023.
             Was an Elder of Okawaru.
             Slain by an entropy weaver (3 damage)
             ... on level 10 of the Dungeon.
             The game lasted 00:22:23 (11384 turns).

Ic0nGaming the Carver (Kobold Fighter)             Turns: 11384, Time: 00:22:24

Health: -1/64      AC:  9    Str: 13    XL:     11   Next: 92%
Magic:  13/13      EV: 12    Int: 10    God:    Okawaru [****..]
Gold:   1649       SH: 17    Dex: 19    Spells: 10/10 levels left

rFire   + . .      SeeInvis .    w - +4 scimitar (drain)
rCold   + . .      Faith    .    j - +3 kite shield
rNeg    . . .      Spirit   .    b - +0 scale mail
rPois   +          Reflect  +    (no helmet)
rElec   +          Rampage  .    C - +0 cloak
rCorr   +                        E - +0 pair of gloves
Will    .....                    v - +0 pair of boots
Stlth   ++++                     h - amulet of reflection
HPRegen 0.30/turn                n - ring of flight
MPRegen 0.13/turn                (no ring)

@: mighty, resistant, flying
A: small, no large weapons, nightstalker 3
a: Renounce Religion, Heroism, Finesse


You were on level 10 of the Dungeon.
You worshipped Okawaru.
Okawaru was greatly pleased with you.
You visited 2 branches of the dungeon, and saw 11 of its levels.
You also visited: Bailey.

You collected 1649 gold pieces.

Inventory:

Hand Weapons
 w - a +4 scimitar of draining (weapon)
Missiles
 f - 7 throwing nets
 l - 19 boomerangs (quivered)
Armour
 b - a +0 scale mail (worn)
 j - a +3 kite shield (worn)
 v - a +0 pair of boots (worn)
 C - a +0 cloak (worn)
 E - a +0 pair of gloves (worn)
Jewellery
 h - an amulet of reflection (around neck)
 n - a ring of flight (left hand)
Wands
 a - a wand of charming (11)
 r - a wand of polymorph (8)
 u - a wand of mindburst (6)
 B - a wand of quicksilver (4)
 F - a wand of iceblast (7)
Scrolls
 o - 3 scrolls of blinking
 p - 8 scrolls of teleportation
 y - 2 scrolls of fog
 z - a scroll of fear
Potions
 c - a potion of invisibility
 d - 2 potions of might
 g - a potion of berserk rage {unknown}
 i - 4 potions of attraction
 k - 4 potions of haste
 m - 3 potions of cancellation
 s - 3 potions of curing
 t - 2 potions of flight {unknown}
 x - 2 potions of resistance
 A - a potion of lignification {unknown}
 D - a potion of brilliance {unknown}


   Skills:
 - Level 6.0 Fighting
 - Level 12.1 Long Blades
 - Level 2.4 Armour
 - Level 7.3 Dodging
 - Level 8.7 Stealth
 - Level 2.4 Shields
 - Level 2.7 Invocations
 + Level 4.3 Evocations


You had 10 spell levels left.
You didn't know any spells.
Your spell library contained the following spells:

 Spells                   Type           Power      Damage    Failure   Level
 Freeze                   Ice            0%         1d3       100%        1
 Necrotise                Necr           0%         1d4       100%        1
 Shock                    Conj/Air       0%         1d3       100%        1
 Static Discharge         Conj/Air       0%         2-2/arc   100%        2
 Frozen Ramparts          Ice            0%         1d1       100%        3
 Hailstorm                Conj/Ice       0%         3d3       100%        3
 Swiftness                Air            0%         N/A       100%        3
 Vampiric Draining        Necr           0%         2d6       100%        3
 Airstrike                Air            0%         2d(0-16)  100%        4
 Agony                    Necr           0%         N/A       100%        5
 Summon Lightning Spire   Summ/Air       Unusable   N/A       N/A         4

Dungeon Overview and Level Annotations

Branches:
Dungeon (10/15)            Temple (1/1) D:5          Bailey (visited)
   Lair: D:8-11         Orc: D:9-12

Altars:
Ashenzari
Cheibriados
Dithmenos
Elyvilon
Fedhas
Gozag
Hepliaklqana
Kikubaaqudgha
Makhleb
Nemelex Xobeh
Okawaru
Qazlal
Ru
Sif Muna
Trog
Uskayaw
Vehumet
Wu Jian
Xom
Yredelemnul
Zin
The Shining One

Annotations:
D:7 2 transporters
D:8 1 runed translucent door, Zaque's ghost, novice GrEE


Innate Abilities, Weirdness & Mutations

You are small and have problems with some larger weapons.
You are completely attuned to the shadows.


Message History

You slice the entropy weaver!! You drain the entropy weaver.
The entropy weaver is moderately wounded.
The entropy weaver hits you! You block the entropy weaver's attack.
The entropy weaver hits you. You block the entropy weaver's attack.
The entropy weaver gestures at you while chanting.
You completely miss the entropy weaver.
The entropy weaver is moderately wounded.
You block the entropy weaver's attack. x2; The entropy weaver hits you.
* * * LOW HITPOINT WARNING * * *
The entropy weaver barely misses you.
You slash the entropy weaver! You drain the entropy weaver.
The entropy weaver is severely wounded.
The entropy weaver hits you but does no damage.
You block the entropy weaver's attack. The entropy weaver barely misses you.
The entropy weaver misses you.
You closely miss the entropy weaver.
The entropy weaver is severely wounded.
The entropy weaver hits you but does no damage.
The entropy weaver misses you.
The entropy weaver completely misses you.
The entropy weaver hits you but does no damage.
The entropy weaver hits you!
* * * LOW HITPOINT WARNING * * *
You block the entropy weaver's attack. x2
The entropy weaver barely misses you.
You hit the entropy weaver. You drain the entropy weaver.
The entropy weaver is severely wounded.
You block the entropy weaver's attack. The entropy weaver hits you.
* * * LOW HITPOINT WARNING * * *
You block the entropy weaver's attack. x2
Unknown command.
Aiming: Quicksilver Bolt
Press: ? - help, Shift-Dir - straight line, f - entropy weaver
Aim: an entropy weaver (severely wounded, heavily drained, 64% to hit)
The bolt of dispelling energy misses the entropy weaver.
The entropy weaver hits you but does no damage.
The entropy weaver hits you.
* * * LOW HITPOINT WARNING * * *
The entropy weaver hits you.
You die...

#############
#.B@......'.#
#.#########.#
#†# #.# #.#
#.# #B# #.##
#.# #..## #.#
#...# #.#
#...# ####
#...# #...


You could see an entropy weaver (very drained).

Vanquished Creatures
  An orc warlord (Bailey)
  Harold (D:9)
  2 two-headed ogres
  2 fire crabs (D:10)
  Pikel (D:4)
  An ugly thing (D:9)
  An unseen horror (D:10)
  A troll (D:10)
  Prince Ribbit (D:6)
  A wyvern (D:9)
  14 yaks
  3 steam dragons
  An acid dragon (D:10)
  2 water moccasins
  A black bear (D:7)
  3 orc warriors
  2 centaurs (D:8)
  A lemure (D:4)
  A phantom (D:5)
  2 bullfrogs (D:7)
  A kobold brigand (D:10)
  2 scorpions
  A gnoll sergeant (D:9)
  5 wights (D:6)
  3 killer bees (D:8)
  4 howler monkeys
  6 hounds
  3 jellies
  4 orc priests
  3 iguanas
  2 sleepcaps
  4 orc wizards
  6 adders
  7 gnolls
  A shadow imp (D:5)
  2 white imps (D:5)
  An ufetubus (D:6)
  9 worms
  4 dart slugs
  24 orcs
  7 endoplasms
  A giant cockroach (D:1)
  17 goblins
  10 hobgoblins
  27 kobolds
  5 quokkas
  7 ball pythons
  7 bats
  5 frilled lizards
  7 rats
227 creatures vanquished.

Vanquished Creatures (others)
  An orc wizard (D:7)
  2 plants (D:8)
3 creatures vanquished.

Grand Total: 230 creatures vanquished

Notes
Turn   | Place    | Note
-------+----------+-------------------------------------------
     0 | D:1      | Ic0nGaming the Kobold Fighter began the quest for the Orb.
     0 | D:1      | Reached XP level 1. HP: 14/14 MP: 1/1
   108 | D:1      | Reached skill level 2 in Long Blades
   159 | D:1      | Reached XP level 2. HP: 10/19 MP: 2/2
   688 | D:1      | Reached XP level 3. HP: 23/23 MP: 3/3
   792 | D:1      | Reached skill level 3 in Long Blades
  1357 | D:2      | Reached XP level 4. HP: 28/28 MP: 4/4
  2305 | D:3      | Reached XP level 5. HP: 24/32 MP: 5/5
  2487 | D:3      | Reached skill level 4 in Long Blades
  2750 | D:3      | Found a faded altar of an unknown god.
  3198 | D:4      | Reached XP level 6. HP: 33/37 MP: 6/6
  3227 | D:4      | Reached skill level 5 in Long Blades
  3281 | D:4      | Found a stormy altar of Qazlal.
  3714 | D:4      | Noticed Pikel
  3750 | D:4      | Killed Pikel
  3751 | D:4      | Reached skill level 7 in Long Blades
  3751 | D:4      | Reached XP level 7. HP: 34/41 MP: 7/7
  3751 | D:4      | Reached XP level 8. HP: 38/46 MP: 8/8
  4084 | D:4      | Found a shadowy altar of Dithmenos.
  4105 | D:5      | Entered Level 5 of the Dungeon
  4236 | D:5      | Reached skill level 1 in Dodging
  4236 | D:5      | Reached skill level 1 in Stealth
  4292 | D:5      | Found a staircase to the Ecumenical Temple.
  4303 | Temple   | Entered the Ecumenical Temple
  4444 | Temple   | Became a worshipper of Warmaster Okawaru
  4807 | D:5      | Reached skill level 1 in Invocations
  5105 | D:6      | Noticed Prince Ribbit
  5129 | D:6      | Killed Prince Ribbit
  5237 | D:6      | Reached * piety under Okawaru
  5522 | D:6      | Reached XP level 9. HP: 52/52 MP: 9/11
  5706 | D:6      | Reached skill level 5 in Fighting
  5793 | D:6      | Reached skill level 5 in Stealth
  6195 | D:7      | Found a flagged portal.
  6211 | D:7      | Reached skill level 5 in Dodging
  6233 | D:7      | Reached skill level 8 in Long Blades
  6247 | Bailey   | Entered a bailey
  6292 | Bailey   | Noticed an orc warlord
  6500 | Bailey   | Found a runed translucent gate.
  6501 | Bailey   | Found a runed translucent gate.
  6502 | Bailey   | Found a runed translucent gate.
  6633 | Bailey   | Killed an orc warlord
  6633 | Bailey   | Reached ** piety under Okawaru
  6634 | Bailey   | Reached XP level 10. HP: 41/59 MP: 12/12
  6642 | Bailey   | Acquired 945 gold pieces
  6731 | D:7      | Acquired a +3 heavy double sword
  6770 | D:7      | Found a radiant altar of Vehumet.
  7003 | D:7      | Found an ornate altar of the Wu Jian Council.
  7004 | D:7      | Found a hide-covered altar of Uskayaw.
  7004 | D:7      | Noticed a centaur warrior
  7005 | D:7      | Found a glowing golden altar of the Shining One.
  7197 | D:7      | Found a transporter.
  7208 | D:7      | Found a transporter.
  7453 | D:8      | Reached skill level 9 in Long Blades
  7767 | D:8      | Noticed Zaque's ghost (novice GrEE)
  8086 | D:8      | Found a runed translucent door.
  8941 | D:9      | Reached skill level 10 in Long Blades
  9019 | D:9      | Noticed a red ugly thing
  9038 | D:9      | Noticed a two-headed ogre
  9042 | D:9      | Killed a two-headed ogre
  9042 | D:9      | Reached *** piety under Okawaru
  9043 | D:9      | Reached XP level 11. HP: 63/63 MP: 13/13
  9349 | D:9      | Killed a red ugly thing
  9350 | D:9      | Reached skill level 11 in Long Blades
  9442 | D:9      | Noticed Harold
  9457 | D:9      | Killed Harold
 10105 | D:10     | Entered Level 10 of the Dungeon
 10508 | D:10     | Noticed a two-headed ogre
 10527 | D:10     | Killed a two-headed ogre
 10842 | D:10     | Found a runed translucent door.
 10901 | D:10     | Reached skill level 12 in Long Blades
 10924 | D:10     | Reached **** piety under Okawaru
 11053 | D:10     | Found a broken altar of Ashenzari.
 11053 | D:10     | Found an opulent altar of Gozag.
 11347 | D:10     | Noticed a fire crab
 11356 | D:10     | Killed a fire crab
 11362 | D:10     | Noticed a fire crab
 11367 | D:10     | Killed a fire crab
 11369 | D:10     | Noticed an entropy weaver
 11384 | D:10     | HP: 2/64 [entropy weaver (3)]
 11384 | D:10     | Slain by an entropy weaver

Illustrated notes

Levels and vault maps discovered:
D:1:      dpeg_arrival_brainrot, layout_basic
D:2:      layout_rooms, minmay_tromino_i4
D:3:      layout_rooms, shapermc_ecumenical_altar_ellora
D:4:      layout_loops_ring, nicolae_overflow_two_pavilions, grunt_tough_drop,
          uniq_pikel
D:5:      layout_loops_ring, minmay_temple_entry_arrows, nicolae_wormholes
D:6:      layout_loops_ring, uniq_prince_ribbit1
D:7:      layout_rooms, pf_just_have_faith, gammafunk_temple_overflow_arena,
          enter_bailey_3, hangedman_decor_peaks_small
D:8:      layout_layer_cave, hellmonk_ghost_big_iron
D:9:      nicolae_cairo_tiling, layout_basic, uniq_harold
D:10:     gammafunk_mikee_crab_dinner, layout_rooms, grunt_temple_overflow_open
Temple:   nicolae_temple_superstar

Skill      XL: |  1  2  3  4  5  6  7  8  9 10 11 |
---------------+----------------------------------+-----
Long Blades    | 2 3 4 7 8 10 12 | 12.1
Dodging        | 3 7 |  7.3
Stealth        | 3 8 |  8.7
Invocations    | 2 |  2.7
Fighting       | 4 5 6 |  6.0
Evocations     | 4 |  4.3
Armour         | |  2.4
Shields        | |  2.4

Action                     |  1- 3 |  4- 6 |  7- 9 | 10-12 || total
---------------------------+-------+-------+-------+-------++-------
  Melee: Long sword        |   126 |    64 |       |       ||   190
         Scimitar          |       |   102 |   263 |   251 ||   616
  Throw: Boomerang         |       |     2 |     2 |     4 ||     8
 Invoke: Heroism           |       |       |     9 |    13 ||    22
  Evoke: Wand              |       |       |     6 |     2 ||     8
    Use: Scroll            |     4 |     5 |     6 |    11 ||    26
         Potion            |       |     1 |     6 |     7 ||    14
   Stab: Sleeping          |     2 |       |     6 |    12 ||    20
         Invisible         |       |       |     4 |     9 ||    13
         Distracted        |       |       |     1 |     2 ||     3
         Held in net/web   |       |       |       |     1 ||     1
 Armour: Scale mail        |    43 |    41 |    35 |    45 ||   164
  Dodge: Dodged            |    36 |    43 |    40 |    80 ||   199
  Block: Buckler           |     8 |       |       |       ||     8
         Kite shield       |    77 |   180 |   187 |   231 ||   675
         Reflection        |     3 |       |     2 |    10 ||    15

Table legend: (Time is in decaauts)
 A = Elapsed time spent in this place.
 B = Non-inter-level travel time spent in this place.
 C = Inter-level travel time spent in this place.
 D = Time resting spent in this place.
 E = Time spent auto-exploring this place.
 F = Levels seen in this place.
 G = Mean time per level.
                   A        B        C        D        E       F      G
               +--------+--------+--------+--------+--------+-----+--------+
         Total |  11573 |  11354 |    219 |   2039 |   6880 |  12 |  964.4 |
       Dungeon |  10963 |  10744 |    219 |   2016 |   6538 |  10 | 1096.3 |
        Temple |    148 |    148 |      0 |      0 |    119 |   1 |  148.0 |
        Bailey |    461 |    461 |      0 |     23 |    223 |   1 |  461.0 |
               +--------+--------+--------+--------+--------+-----+--------+

Top non-repeatable levels by time:
     D:8: 1582 daAuts
     D:4: 1288 daAuts
    D:10: 1278 daAuts
     D:1: 1268 daAuts
     D:9: 1216 daAuts
     D:6: 1060 daAuts
     D:3: 1041 daAuts
     D:5: 865 daAuts
     D:7: 715 daAuts
     D:2: 646 daAuts
  Bailey: 461 daAuts
  Temple: 148 daAuts
